 Dungeon Crawl Stone Soup version 0.28-a0-1389-gc726bef33b (webtiles) character file.

Game seed: 3405467960170884610

2330 avis the Grappler (level 9, -8/93 (97) HPs)
             Began as a Naga Transmuter on Jan 4, 2022.
             Was an Initiate of Gozag.
             Mangled by a gnoll (12 damage)
             ... in a bailey.
             The game lasted 01:03:24 (11189 turns).

avis the Grappler (Naga Transmuter)                Turns: 11189, Time: 01:03:27

HP:   -8/93 (97)    AC:  6    Str: 14    XL:     9   Next: 42%
MP:   13/15         EV: 11    Int: 15    God:    Gozag
Gold: 716           SH:  0    Dex: 23    Spells: 6/16 levels left

rFire   . . .      SeeInvis +     - Unarmed
rCold   + + +      Faith    .   (shield currently unavailable)
rNeg    + . .      Spirit   .   (armour currently unavailable)
rPois   +          Reflect  .   (helmet currently unavailable)
rElec   .          Harm     .   (cloak currently unavailable)
rCorr   +          Rampage  .   (gloves currently unavailable)
Will    +....                   (no barding)
Stlth   +++.......              (no amulet)
HPRegen 0.25/turn               u - +6 ring of dexterity
MPRegen 0.14/turn               q - ring of Tabycef {rF+ rC+ rN+ rCorr Dex+4}

@: ice-form, lightly drained
A: freezing attack, amphibious, boosted hp, AC +3, large, see invisible,
(deformed body), (poison resistance), (slowness 2), spit poison 1, (naga tail 1)
a: Spit Poison, End Transformation, Renounce Religion, Potion Petition, Call
Merchant, Bribe Branch


You were in a bailey.
You worshipped Gozag.
Gozag was pleased with you.
You were a creature of crystalline ice.
You visited 2 branches of the dungeon, and saw 8 of its levels.
You also visited: Bailey.

You collected 766 gold pieces.
You paid 50 gold pieces to Gozag.

Inventory:

Hand Weapons
 a - a +4 quarterstaff of chaos (melded)
 b - a +0 shortbow
 c - a +0 halberd of electrocution
Missiles
 v - 17 poisoned darts
 D - 45 arrows
 J - 2 throwing nets
 L - 2 boomerangs
Armour
 d - a +0 pair of gloves (melded)
 x - a +0 robe (melded)
 y - a +0 cloak (melded)
 H - a +1 hat of stealth (melded)
 O - a +0 chain mail of cold resistance
Jewellery
 i - a ring of positive energy
 p - a ring of protection from cold
 q - the ring of Tabycef (right front paw) {rF+ rC+ rN+ rCorr Dex+4}
   (You found it on level 5 of the Dungeon)

   [ring of protection from fire]

   Dex:       It affects your dexterity (+4).
   rF:        It protects you from fire.
   rC:        It protects you from cold.
   rN:        It protects you from negative energy.
   rCorr:     It protects you from acid and corrosion.
 u - a +6 ring of dexterity (left front paw)
 A - a ring of protection from fire
 P - a ring of resist corrosion
Wands
 C - a wand of iceblast (12)
Scrolls
 f - 2 scrolls of enchant weapon {unknown}
 j - 2 scrolls of immolation {unknown}
 n - a scroll of fog {unknown}
 o - a scroll of silence {unknown}
 s - a scroll of enchant armour {unknown}
 z - 3 scrolls of teleportation
 B - a scroll of blinking {unknown}
 I - 3 scrolls of magic mapping
 M - a scroll of torment {unknown}
 Q - a scroll of summoning {unknown}
 R - a scroll of holy word {unknown}
Potions
 e - a potion of berserk rage
 h - 6 potions of curing
 k - a potion of heal wounds
 m - 3 potions of might
 t - 3 potions of cancellation
 w - a potion of flight
 F - 2 potions of magic {unknown}
 S - a potion of resistance {unknown}


   Skills:
 - Level 5.0 Fighting
 - Level 3.0 Dodging
 - Level 5.0 Stealth
 * Level 8.2 Unarmed Combat
 - Level 4.0 Spellcasting
 - Level 4.0 Transmutations
 - Level 4.0 Ice Magic
 - Level 2.0 Poison Magic


You had 6 spell levels left.
You knew the following spells:

 Your Spells              Type           Power      Damage    Failure   Level
a - Beastly Appendage     Tmut           30%        N/A       3%          1
c - Wereblood             Tmut           15%        N/A       5%          2
p - Spider Form           Tmut/Pois      12%        N/A       16%         3
q - Ice Form              Ice/Tmut       15%        N/A       34%         4

Your spell library contained the following spells:

 Spells                   Type           Power      Damage    Failure   Level
 Ignite Poison            Fire/Tmut/Pois 9%         N/A       24%         3
 Conjure Flame            Conj/Fire      3%         6-21      47%         3
 Sticky Flame             Conj/Fire      3%         2d3       87%         4


Dungeon Overview and Level Annotations

Branches:
Dungeon (7/15)             Temple (1/1) D:4          Bailey (1/1)

Altars:
Ashenzari
Cheibriados
Dithmenos
Elyvilon
Fedhas
Gozag
Hepliaklqana
Kikubaaqudgha
Makhleb
Nemelex Xobeh
Okawaru
Qazlal
Ru
Sif Muna
Trog
Uskayaw
Vehumet
Wu Jian
Xom
Yredelemnul
Zin
The Shining One

Shops:
D:4 [


Innate Abilities, Weirdness & Mutations

You are a creature of crystalline ice.
You have a powerful freezing melee attack.
You are amphibious.
Your maximum health is increased.
Your armour is entirely melded.
You are incapable of wielding weapons or throwing items.
((Your serpentine skin is tough. (AC +3)))
You have supernaturally acute eyesight. (SInv)
((Armour fits poorly on your strangely shaped body.))
((Your system is resistant to poisons. (rPois)))
((You cover ground very slowly.))
You can spit poison.
((You have a snake-like lower body.))


Message History

A gnoll comes into view.
It is wielding a +0 halberd of draining.
There is an open door here.
The helpless gnoll fails to defend itself.
You pummel the gnoll!! You freeze the gnoll!
You kill the gnoll!
You now have 716 gold pieces (gained 4).
You see here a +0 halberd of draining.
You open the door.
There is an open door here.
You open the door. 2 gnolls and an orc knight come into view.
A gnoll is wielding a +1 halberd of draining.
A gnoll is wielding a +0 halberd of electrocution.
Found seven items.
Found 2 sedimented red potions, a potion of might and a smoky red potion.
There is an open door here.
You see here a sedimented red potion.
The helpless orc knight fails to defend itself.
You hit the orc knight. You freeze the orc knight.
The orc knight is lightly wounded.
The orc knight hits you with a +0 halberd!
You hit the orc knight. You freeze the orc knight.
The orc knight is lightly wounded.
The gnoll misses you.
The orc knight hits you with a +0 halberd!!
The gnoll barely misses you.
You pummel the orc knight!! You freeze the orc knight.
The orc knight is heavily wounded.
The gnoll closely misses you.
The orc knight hits you with a +0 halberd!!
You pummel the orc knight!! You freeze the orc knight.
The orc knight is severely wounded.
The gnoll barely misses you.
You closely miss the orc knight.
The orc knight is severely wounded.
The gnoll hits you but does no damage. You partially resist.
The orc knight hits you with a +0 halberd!!
* * * LOW HITPOINT WARNING * * *
The gnoll hits you from afar with a +0 halberd of electrocution!
You die...
Your body crumbles into a pile of gold.

### ### #####
#)###)###)'.##
##'##'##'###'##+##+
##.....## ##!.!.!#
###.....### #Y!g!.#
#)'..⌠..')# +!og.!+
###.....### #.!.!.#
##.....## #!.!.!#
##'##'##+# #+##+##+
#.###)###.#.# #'# ###
##### ### ###
#)###)###.#.###)###.#
##'##'##+###+##'##'##


You could see an orc knight and 2 gnolls.

Vanquished Creatures
  3 yaks (D:5)
  An orc warrior (D:6)
  A sky beast (D:6)
  A centaur (D:5)
  An ogre (D:6)
  A phantom (D:5)
  A kobold brigand (D:7)
  Blork the orc (D:6)
  A wyvern zombie (D:6)
  A water moccasin zombie (D:5)
  A water moccasin skeleton (D:6)
  An oklob sapling (D:4)
  A centaur zombie (D:4)
  2 hounds
  4 bullfrog zombies
  2 jellies (D:6)
  2 orc priests
  Crazy Yiuf (D:3)
  4 centaur skeletons
  2 iguanas
  4 orc wizards
  2 scorpion zombies (D:4)
  A killer bee zombie (D:6)
  A hound skeleton (D:4)
  2 hound zombies (D:4)
  8 gnolls
  2 howler monkey skeletons
  10 adders
  2 ufetubi
  2 adder zombies (D:4)
  An adder skeleton (D:4)
  A worm (D:2)
  2 dart slugs
  26 orcs
  7 bats
  7 endoplasms
  8 giant cockroaches
  13 goblins
  6 hobgoblins
  6 jackals (D:1)
  4 quokkas
  8 ball pythons
  4 frilled lizards
  A jackal skeleton (D:4)
  16 kobolds
  7 rats
183 creatures vanquished.

Vanquished Creatures (others)
  11 plants (D:4)
11 creatures vanquished.

Grand Total: 194 creatures vanquished

Notes
Turn   | Place    | Note
-------+----------+-------------------------------------------
     0 | D:1      | avis the Naga Transmuter began the quest for the Orb.
     0 | D:1      | Reached XP level 1. HP: 18/18 MP: 3/3
    45 | D:1      | Reached skill level 1 in Stealth
   303 | D:1      | Reached XP level 2. HP: 25/25 MP: 5/5
   690 | D:1      | Reached XP level 3. HP: 30/32 MP: 4/6
  1010 | D:1      | Reached skill level 1 in Poison Magic
  1016 | D:1      | Learned a level 3 spell: Spider Form
  1427 | D:2      | Reached XP level 4. HP: 39/39 MP: 5/7
  2142 | D:3      | Reached XP level 5. HP: 49/49 MP: 8/8
  2287 | D:3      | Found a faded altar of an unknown god.
  2344 | D:3      | Learned a level 4 spell: Ice Form
  2740 | D:3      | Found a shimmering blue altar of Sif Muna.
  3074 | D:3      | Found a runed translucent door.
  3075 | D:3      | Noticed Crazy Yiuf
  3087 | D:3      | Killed Crazy Yiuf
  3652 | D:4      | Found Ykaus's Armour Shoppe.
  3720 | D:4      | Reached skill level 5 in Stealth
  3734 | D:4      | Reached XP level 6. HP: 18/56 MP: 7/9
  3749 | D:4      | Reached skill level 4 in Unarmed Combat
  4258 | D:4      | Found a staircase to the Ecumenical Temple.
  4298 | D:4      | Reached XP level 7. HP: 30/62 MP: 8/11
  4308 | D:4      | Reached skill level 5 in Unarmed Combat
  7398 | Temple   | Entered the Ecumenical Temple
  7614 | Temple   | Became a worshipper of Gozag Ym Sagoz the Greedy
  7647 | D:5      | Entered Level 5 of the Dungeon
  7737 | D:5      | Noticed a yak
  7739 | D:5      | Noticed a yak
  7748 | D:5      | Noticed a yak
  7776 | D:5      | Killed a yak
  7777 | D:5      | Reached XP level 8. HP: 48/69 MP: 6/12
  7783 | D:5      | Killed a yak
  7790 | D:5      | Killed a yak
  8200 | D:5      | Identified the ring of Tabycef {rF+ rC+ rN+ rCorr Dex+4}
  8703 | D:5      | Learned a level 2 spell: Wereblood
  8743 | D:6      | Reached skill level 6 in Unarmed Combat
  8847 | D:6      | Noticed Blork the orc
  8856 | D:6      | Killed Blork the orc
  8860 | D:6      | Reached XP level 9. HP: 62/78 MP: 11/15
  9028 | D:6      | Reached skill level 7 in Unarmed Combat
  9440 | D:6      | Reached skill level 5 in Fighting
 10464 | D:7      | Reached skill level 8 in Unarmed Combat
 10563 | D:7      | Found a flagged portal.
 10583 | Bailey   | Entered a bailey
 11181 | Bailey   | Noticed an orc knight
 11189 | Bailey   | HP: 4/93 [orc knight (32)]
 11189 | Bailey   | Mangled by a gnoll

Illustrated notes

Levels and vault maps discovered:
D:1:      dpeg_arrival_short_road, layout_basic, minmay_tetromino_i4
D:2:      layout_rooms
D:3:      minmay_evil_eye, layout_loops_ring, kennysheep_orc_sif_temple,
          ebering_ecumenical_altar_webs, uniq_crazy_yiuf_cottage
D:4:      layout_basic, minmay_temple_entry_oklob, serial_shops, shop,
          serial_undead, serial_undead_d, serial_undead_f, serial_undead_e,
          serial_undead_c, st_stairs_5, minmay_tree_intersection,
          minmay_surrounded
D:5:      layout_loops_ring
D:6:      layout_basic, uniq_blork_the_orc
D:7:      minmay_chambers_of_sevens, layout_loops_ring, enter_bailey_3,
          serial_rivers, chequers_serial_rivers_large_b,
          chequers_serial_rivers_micro_d, chequers_serial_rivers_micro_b,
          chequers_serial_rivers_small_3, minivault_22, grunt_ministairs_4,
          minivault_26
Temple:   mainiacjoe_temple_archimedes_tessellation
Bailey:   bailey_polearm_nasty_gnolls, bailey

Skill      XL: |  1  2  3  4  5  6  7  8  9 |
---------------+----------------------------+-----
Stealth        | 2 3 5 |  5.0
Fighting       | 2 3 4 5 |  5.0
Poison Magic   | 2 |  2.0
Dodging        | 2 3 |  3.0
Transmutations | 3 4 |  4.0
Unarmed Combat | 4 5 6 8 |  8.2
Spellcasting   | 3 4 |  4.0
Ice Magic      | 3 4 |  4.0

Action                   |  1- 3 |  4- 6 |  7- 9 || total
-------------------------+-------+-------+-------++-------
Melee: Unarmed           |    55 |   104 |   188 ||   347
       Headbutt          |     8 |    20 |     1 ||    29
       Punch             |       |     3 |       ||     3
       Quarterstaff      |       |    47 |    26 ||    73
 Fire: Hunting sling     |       |       |    24 ||    24
 Cast: Beastly Appendage |    16 |    41 |     5 ||    62
       Spider Form       |       |     6 |     5 ||    11
       Ice Form          |       |       |    26 ||    26
 Abil: Spit Poison       |    33 |    43 |    23 ||    99
Evoke: Wand              |       |       |     4 ||     4
  Use: Potion            |       |     2 |       ||     2
       Scroll            |       |     1 |     7 ||     8
 Stab: Sleeping          |       |     4 |    12 ||    16
       Distracted        |       |       |     2 ||     2
Armor: Robe              |    13 |    41 |    16 ||    70
       Skin              |       |     2 |    40 ||    42
Dodge: Dodged            |    33 |    78 |   136 ||   247

Table legend: (Time is in decaauts)
 A = Elapsed time spent in this place.
 B = Non-inter-level travel time spent in this place.
 C = Inter-level travel time spent in this place.
 D = Time resting spent in this place.
 E = Time spent auto-exploring this place.
 F = Levels seen in this place.
 G = Mean time per level.
                   A        B        C        D        E       F      G
               +--------+--------+--------+--------+--------+-----+--------+
         Total |  13070 |  11989 |   1081 |   4332 |   4845 |   9 | 1452.2 |
       Dungeon |  12138 |  11085 |   1053 |   3991 |   4586 |   7 | 1734.0 |
        Temple |    329 |    301 |     28 |      0 |    259 |   1 |  329.0 |
        Bailey |    602 |    602 |      0 |    341 |      0 |   1 |  602.0 |
               +--------+--------+--------+--------+--------+-----+--------+

Top non-repeatable levels by time:
     D:4: 4203 daAuts
     D:3: 1889 daAuts
     D:1: 1720 daAuts
     D:5: 1676 daAuts
     D:6: 1569 daAuts
     D:2: 990 daAuts
  Bailey: 602 daAuts
  Temple: 329 daAuts
     D:7: 88 daAuts
